 Dungeon Crawl Stone Soup version 0.26-a0-1132-ge9770dfcb6 (webtiles) character file.

Game seed: 5178896088913243333

4807 ANON1729 the Transmogrifier (level 10, -4/65 HPs)
             Began as a Merfolk Transmuter on Dec 20, 2020.
             Was a Believer of Uskayaw.
             Slain by a wyvern (20 damage)
             ... on level 9 of the Dungeon.
             The game lasted 00:12:42 (11917 turns).

ANON1729 the Transmogrifier (Merfolk Transmuter)   Turns: 11917, Time: 00:12:43

Health: -4/65      AC:  2    Str: 11    XL:     10   Next: 48%
Magic:  11/14      EV: 21    Int: 15    God:    Uskayaw [**....]
Gold:   494        SH:  5    Dex: 20    Spells: 7/13 levels left

rFire    . . .     SeeInvis .     - Unarmed
rCold    . . .     Faith    .   (shield currently unavailable)
rNeg     . . .     Spirit   .   (armour currently unavailable)
rPois    x         Reflect  +   (helmet currently unavailable)
rElec    .         Harm     .   (cloak currently unavailable)
rCorr    +         Rampage  .   (gloves currently unavailable)
Will     .....                  (boots currently unavailable)
Stlth    ++........             b - amulet of reflection
HPRegen  0.20/turn              A - ring of resist corrosion
MPRegen  0.14/turn              (no ring)

@: lethally poisoned (-4 -> -9), spider-form
A: tiny, (change form in water), (swift swim), (stealthy swim)
a: End Transformation, Renounce Religion, Stomp, Line Pass


You were on level 9 of the Dungeon.
You worshipped Uskayaw.
Uskayaw was noncommittal.
You were a venomous arachnid creature.
You visited 2 branches of the dungeon, and saw 10 of its levels.

You collected 494 gold pieces.

Inventory:

Hand Weapons
 j - the +2 trident of Jetygy (melded) {vorpal, Dex+4}
   (You found it on level 5 of the Dungeon)

   It inflicts extra damage upon your enemies.
   It affects your dexterity (+4).
 m - a +2 dagger of venom
Armour
 a - a +0 robe (melded)
 o - a +0 pair of boots (melded)
 s - a +1 cloak (melded)
 D - a +0 pair of gloves (melded)
Jewellery
 b - an amulet of reflection (around neck)
 x - an uncursed amulet of regeneration
 A - a ring of resist corrosion (left front leg)
 G - an uncursed ring of stealth
Wands
 q - a wand of flame (13)
 r - a wand of disintegration (7)
 B - a wand of acid (12)
Scrolls
 g - 5 scrolls of amnesia
 h - 2 scrolls of enchant weapon {unknown}
 i - 9 scrolls of remove curse
 p - 5 scrolls of teleportation
 t - 2 scrolls of enchant armour {unknown}
 v - 3 scrolls of fog {unknown}
 w - 2 scrolls of blinking {unknown}
 y - 3 scrolls of identify
 C - a scroll of immolation {unknown}
 F - a scroll of fear {unknown}
Potions
 c - a potion of mutation {unknown}
 d - 5 potions of brilliance
 e - a potion of magic
 f - 3 potions of curing {unknown}
 k - a potion of attraction {unknown}
 l - a potion of might {unknown}
 n - 2 potions of berserk rage {unknown}
 u - 3 potions of flight {unknown}
 z - 3 potions of haste {unknown}
 E - 2 potions of degeneration {unknown}


   Skills:
 - Level 1.1 Fighting
 - Level 2.6 Dodging
 + Level 11.5 Unarmed Combat
 - Level 2.0 Spellcasting
 + Level 12.2 Transmutations
 * Level 6.3 Invocations


You had 7 spell levels left.
You knew the following spells:

 Your Spells              Type           Power        Failure   Level
a - Beastly Appendage     Tmut           76%          1%          1
b - Wereblood             Tmut           38%          2%          2
c - Spider Form           Tmut/Pois      9%           16%         3

Your spell library contained the following spells:

 Spells                   Type           Power        Failure   Level
 Blade Hands              Tmut           19%          13%         5
 Ice Form                 Ice/Tmut       19%          38%         4
 Petrify                  Tmut/Erth      19%          38%         4
 Yara's Violent Unravell  Hex/Tmut       9%           67%         5
 Confusing Touch          Hex            1%           75%         3
 Gell's Gravitas          Tloc           0%           75%         3
 Metabolic Englaciation   Hex/Ice        0%           100%        5


Dungeon Overview and Level Annotations

Branches:
Dungeon (9/15)             Temple (1/1) D:6            Lair (0/6) D:8
    Orc: D:9-12

Altars:
Ashenzari
Cheibriados
Dithmenos
Elyvilon
Fedhas
Gozag
Hepliaklqana
Kikubaaqudgha
Makhleb
Nemelex Xobeh
Okawaru
Qazlal
Ru
Uskayaw
Vehumet
Xom
Yredelemnul
Zin

Annotations:
D:3 3 runed translucent doors, Flubber's ghost, amateur MfGl
D:4 3 runed translucent doors, thewurscht's ghost, amateur TrHu


Message History

The wyvern is lightly wounded.
You feel sick. The wyvern bites you! x2
You can now pass through a line of other dancers.
You hit the wyvern.
The wyvern is moderately wounded.
You feel sick. The wyvern bites you. The wyvern bites you!
* * * LOW HITPOINT WARNING * * *
You are too injured to fight recklessly!
You are too injured to fight recklessly!
Evoke which item? (* to show all) (? for menu, Esc to quit)
Okay, then.
Casting: Spider Form (dangerous; 5% risk of failure)
Confirm with . or Enter, or press ? or * to list all spells.
You turn into a venomous arachnid creature.
The +2 trident of Jetygy {vorpal, Dex+4} melds into your body.
Your +1 cloak melds into your body.
Your +0 pair of gloves melds into your body.
Your +0 pair of boots melds into your body.
Your +0 robe melds into your body.
You feel sick. The wyvern bites you!!
You die...

....... ....... ......
..... .###... .......
...$..l########
...._..s......##########
........................
........................
...=....................
...###########........##
.. #........# .
#........# #(.......#.
#........#.


You could see a wyvern.

Vanquished Creatures
  A two-headed ogre (D:8)
  Psyche (D:8)
  Prince Ribbit (D:6)
  Sigmund (D:6)
  4 orc warriors
  2 necrophages
  2 black bears (D:8)
  3 phantoms
  7 ogres
  2 centaurs
  A big kobold (D:7)
  7 bullfrogs
  A wyvern skeleton (D:9)
  A scorpion (D:6)
  A water moccasin skeleton (D:4)
  A howler monkey (D:8)
  A crimson imp (D:3)
  3 quasits
  5 orc priests
  A hound (D:4)
  2 jellies (D:6)
  A bullfrog skeleton (D:7)
  3 iguanas
  4 orc wizards
  8 worker ants
  A hound zombie (D:6)
  3 hound skeletons
  2 worker ant zombies (D:8)
  A howler monkey skeleton (D:6)
  7 adders
  2 white imps (D:8)
  An ufetubus (D:7)
  An ooze (D:1)
  2 adder zombies
  2 worms (D:2)
  3 dart slugs
  3 leopard geckos
  28 orcs
  7 bats
  5 giant cockroaches
  11 goblins
  10 hobgoblins
  6 jackals
  5 quokkas
  4 frilled lizards
  12 kobolds
  A leopard gecko skeleton (D:4)
  A quokka skeleton (D:7)
  7 rats
189 creatures vanquished.

Vanquished Creatures (others)
  21 fungi (D:8)
  32 plants
53 creatures vanquished.

Grand Total: 242 creatures vanquished

Notes
Turn   | Place    | Note
-------+----------+-------------------------------------------
     0 | D:1      | ANON1729 the Merfolk Transmuter began the quest for the
                  | Orb.
     0 | D:1      | Reached XP level 1. HP: 15/15 MP: 3/3
   363 | D:1      | Reached XP level 2. HP: 21/21 MP: 5/5
   983 | D:1      | Reached XP level 3. HP: 25/26 MP: 6/6
   988 | D:1      | Learned a level 2 spell: Wereblood
   992 | D:1      | Learned a level 3 spell: Spider Form
  1932 | D:2      | Reached skill level 5 in Unarmed Combat
  2166 | D:2      | Reached XP level 4. HP: 29/32 MP: 7/7
  2354 | D:2      | Found a shadowy altar of Dithmenos.
  2819 | D:3      | Found a runed translucent gate.
  2820 | D:3      | Found a runed translucent gate.
  2820 | D:3      | Found a runed translucent gate.
  2826 | D:3      | Noticed Flubber's ghost (amateur MfGl)
  2980 | D:3      | Found a broken altar of Ashenzari.
  3077 | D:3      | Found a burning altar of Makhleb.
  3077 | D:3      | Found a radiant altar of Vehumet.
  3101 | D:3      | Reached skill level 3 in Transmutations
  3101 | D:3      | Reached XP level 5. HP: 25/37 MP: 8/8
  3836 | D:4      | Reached skill level 4 in Transmutations
  4049 | D:4      | Noticed an ogre
  4068 | D:4      | Killed an ogre
  4069 | D:4      | Reached XP level 6. HP: 16/43 MP: 9/9
  4279 | D:4      | Reached skill level 5 in Transmutations
  4529 | D:4      | Found a stormy altar of Qazlal.
  4999 | D:4      | Found a runed translucent gate.
  4999 | D:4      | Noticed thewurscht's ghost (amateur TrHu)
  5000 | D:4      | Found a runed translucent gate.
  5000 | D:4      | Found a runed translucent gate.
  5104 | D:5      | Entered Level 5 of the Dungeon
  5166 | D:5      | Reached skill level 6 in Transmutations
  5166 | D:5      | Reached XP level 7. HP: 36/48 MP: 5/10
  5403 | D:5      | HP: 2/48 [poisoned by a worker ant]
  5724 | D:5      | Found an ancient bone altar of Kikubaaqudgha.
  6077 | D:5      | Got a brightly glowing trident
  6078 | D:5      | Identified the cursed +2 trident of Jetygy {vorpal, Dex+4}
                  | (You found it on level 5 of the Dungeon)
  6259 | D:6      | Noticed Sigmund
  6275 | D:6      | Killed Sigmund
  6276 | D:6      | Reached skill level 7 in Transmutations
  6351 | D:6      | Reached XP level 8. HP: 42/54 MP: 11/11
  6495 | D:6      | Reached skill level 8 in Transmutations
  6843 | D:6      | Noticed Prince Ribbit
  7599 | D:6      | Found a shimmering altar of Xom.
  7609 | D:6      | Reached skill level 9 in Transmutations
  7927 | D:6      | Killed Prince Ribbit
  8095 | D:6      | Reached XP level 9. HP: 49/59 MP: 8/12
  8318 | D:6      | Found a staircase to the Ecumenical Temple.
  8333 | D:6      | Reached skill level 10 in Unarmed Combat
  8333 | D:6      | Reached skill level 10 in Transmutations
  8550 | Temple   | Entered the Ecumenical Temple
  8596 | Temple   | Became a worshipper of Uskayaw the Reveller
  8899 | D:7      | Reached * piety under Uskayaw
  8950 | D:7      | Reached ** piety under Uskayaw
  8955 | D:7      | Reached *** piety under Uskayaw
  8961 | D:7      | Reached **** piety under Uskayaw
  8973 | D:7      | Reached ***** piety under Uskayaw
  9598 | D:7      | Reached skill level 11 in Transmutations
  9931 | D:8      | Reached skill level 1 in Invocations
 10582 | D:8      | Noticed a two-headed ogre
 10611 | D:8      | Killed a two-headed ogre
 10612 | D:8      | Reached XP level 10. HP: 44/65 MP: 13/13
 10864 | D:8      | Reached skill level 5 in Invocations
 11161 | D:8      | Found a blossoming altar of Fedhas.
 11370 | D:8      | Noticed Psyche
 11386 | D:8      | Killed Psyche
 11387 | D:8      | Reached skill level 12 in Transmutations
 11605 | D:8      | Found a staircase to the Lair.
 11905 | D:9      | Found a basalt altar of Yredelemnul.
 11917 | D:9      | Slain by a wyvern

Illustrated notes

Levels and vault maps discovered:
D:1:      eino_arrival_water_cross, layout_basic
D:2:      layout_loops_ring, grunt_dithmenos_smoke_and_mirrors
D:3:      layout_loops_ring, grunt_temple_overflow_lords_of_destruction,
          old_standard_altar, gammafunk_ghost_necromancy, grunt_decor_clamped
D:4:      layout_loops_ring, lemuel_round_altar, serial_forest,
          infiniplex_forest_clump_curved, infiniplex_forest_end_1,
          infiniplex_forest_end_3, infiniplex_forest_clump_curved,
          ebering_ghost_rock_garden
D:5:      layout_basic, kiku_gazebo_pond_becter
D:6:      layout_basic, lemuel_doored_altar, temple_fountains, uniq_sigmund,
          uniq_prince_ribbit1
D:7:      layout_basic
D:8:      minmay_bubble_buster, layout_rooms, fedhas_altar_3,
          grunt_lair_entry_orc_guard_hut, uniq_psyche
D:9:      layout_irregular_city, gammafunk_temple_overflow_elements,
          basic_altar, minmay_puff
Temple:   nicolae_temple_x_marks_the_god

Skill      XL: |  1  2  3  4  5  6  7  8  9 10 |
---------------+-------------------------------+-----
Unarmed Combat | 4 5 6 7 8 9 11 | 11.5
Transmutations | 3 4 6 7 9 11 12 | 12.2
Invocations    | 4 6 |  6.3
Fighting       | |  1.1
Dodging        | |  2.6
Spellcasting   | |  2.0

Action                   |  1- 3 |  4- 6 |  7- 9 | 10-12 || total
-------------------------+-------+-------+-------+-------++-------
Melee: Unarmed           |   135 |    50 |   164 |    62 ||   411
       Punch             |     1 |     1 |     4 |       ||     6
       Dagger            |       |   113 |       |       ||   113
       Trident           |       |       |   187 |    26 ||   213
 Cast: Spider Form       |       |     2 |    24 |     9 ||    35
       Beastly Appendage |       |     1 |       |       ||     1
       Wereblood         |       |       |       |     1 ||     1
Evoke: Wand              |       |       |     4 |     1 ||     5
  Use: Scroll            |       |     6 |       |     1 ||     7
       Potion            |       |     1 |       |       ||     1
 Stab: Sleeping          |     2 |     2 |     2 |     1 ||     7
       Paralysed         |       |       |     5 |     4 ||     9
       Distracted        |       |       |     1 |       ||     1
Armor: Robe              |    24 |    35 |    39 |     3 ||   101
       Skin              |       |     3 |     3 |     2 ||     8
Dodge: Dodged            |    83 |    97 |   192 |    58 ||   430
Block: Other             |    31 |    29 |    81 |    16 ||   157
       Reflection        |     4 |     1 |     3 |     1 ||     9

Table legend: (Time is in decaauts)
 A = Elapsed time spent in this place.
 B = Non-inter-level travel time spent in this place.
 C = Inter-level travel time spent in this place.
 D = Time resting spent in this place.
 E = Time spent auto-exploring this place.
 F = Levels seen in this place.
 G = Mean time per level.
                   A        B        C        D        E       F      G
               +--------+--------+--------+--------+--------+-----+--------+
         Total |  11914 |  11514 |    400 |   1480 |   8469 |  10 | 1191.4 |
       Dungeon |  11857 |  11467 |    390 |   1480 |   8438 |   9 | 1317.4 |
        Temple |     56 |     46 |     10 |      0 |     31 |   1 |   56.0 |
               +--------+--------+--------+--------+--------+-----+--------+

Top non-repeatable levels by time:
     D:6: 2314 daAuts
     D:8: 1876 daAuts
     D:1: 1723 daAuts
     D:5: 1371 daAuts
     D:4: 1285 daAuts
     D:7: 1054 daAuts
     D:2: 1044 daAuts
     D:3: 1029 daAuts
     D:9: 156 daAuts
  Temple: 56 daAuts
